 Dungeon Crawl Stone Soup version 0.22-b1-26-g9dbaab1 (webtiles) character file.

33751 Lilu the Destroyer (level 13, -2/78 HPs)
             Began as a Deep Elf Conjurer on Aug 7, 2018.
             Was a High Priest of Vehumet.
             Splashed by an oklob plant's acid (9 damage)
             ... on level 3 of the Lair of Beasts.
             The game lasted 01:48:03 (19301 turns).

Lilu the Destroyer (Deep Elf Conjurer)             Turns: 19301, Time: 01:48:04

Health: -2/78      AC:  0    Str:  8 (9)  XL:     13   Next: 38%
Magic:  26/54      EV: 20    Int: 21 (23) God:    Vehumet [*****.]
Gold:   1153       SH:  5    Dex: 15 (16) Spells: 6/35 levels left

rFire    . . .     SeeInvis .   y - staff of power
rCold    + + .     Gourm    .   u - +0 buckler
rNeg     . . .     Faith    .   Y - +2 robe {rC+}
rPois    .         Spirit   .   Q - +2 hat
rElec    .         Reflect  .   z - +2 cloak
rCorr    .         Harm     .   F - -2 pair of gloves of Sunlight {Regen+ Str+2}
MR       +....                  (no boots)
Stlth    ++........             G - amulet of magic regeneration
HPRegen  0.63/turn              E - ring of magical power
MPRegen  0.59/turn              P - ring of protection from cold

@: corroded
A: deterioration 1
a: Renounce Religion


You were on level 3 of the Lair of Beasts.
You worshipped Vehumet.
Vehumet was extremely pleased with you.
You were not hungry.

You visited 2 branches of the dungeon, and saw 15 of its levels.
You also visited: Labyrinth and Volcano.

You collected 1153 gold pieces.

Inventory:

Hand Weapons
 p - the +7 rapier of Dim Light {elec, rF++ Stlth+}
   (You found it on level 11 of the Dungeon)

   Occasionally, upon striking a foe, it will discharge some electrical energy
   and cause terrible harm.
   It greatly protects you from fire.
   It makes you more stealthy.
 M - the +3 long sword of Dishonesty {drain, *Contam *Slow +Inv rF+++}
   (You found it on level 8 of the Dungeon)

   A truly terrible weapon, it drains the life of those it strikes.
   It renders you almost immune to fire.
   It lets you turn invisible.
   It causes magical contamination when unequipped.
   It may slow you when you take damage.
Missiles
 f - 512 stones (quivered)
 O - 196 arrows
Armour
 r - a +0 troll leather armour
 u - a +0 buckler (worn)
 z - a +2 cloak (worn)
 F - the -2 pair of gloves of Sunlight (worn) {Regen+ Str+2}
   (You found it on level 6 of the Dungeon)

   It affects your strength (+2).
   It increases your rate of regeneration.
 Q - a +2 hat (worn)
 U - a +0 cloak of invisibility
 Y - a +2 robe of cold resistance (worn)
Magical Staves
 y - an uncursed staff of power (weapon)
 Z - an uncursed staff of fire
Jewellery
 E - a ring of magical power (left hand)
 G - an amulet of magic regeneration (around neck)
 P - a ring of protection from cold (right hand)
 R - an uncursed ring of resist corrosion
 X - an uncursed ring of ice
Wands
 a - a wand of iceblast (6)
 g - a wand of clouds (10)
 C - a wand of disintegration (12)
 S - a wand of flame (59)
 T - a wand of digging (16)
 W - a wand of polymorph (22)
Scrolls
 b - a scroll of torment {unknown}
 e - 3 scrolls of magic mapping
 i - 2 scrolls of blinking
 m - 6 scrolls of identify
 n - 3 scrolls of enchant armour
 o - 3 scrolls of teleportation
 s - 5 scrolls of amnesia
 x - 2 scrolls of remove curse
 B - 2 scrolls of fear
 K - 2 scrolls of immolation
 L - a scroll of fog
 N - 2 scrolls of enchant weapon {unknown}
 V - a scroll of holy word {unknown}
Potions
 d - 3 potions of invisibility
 h - 2 potions of resistance
 j - a potion of magic
 l - 2 potions of lignification
 q - a potion of berserk rage {unknown}
 t - a potion of ambrosia
 v - a potion of brilliance
 w - 7 potions of curing
 A - 3 potions of flight {unknown}
 D - a potion of mutation {unknown}
 H - 2 potions of heal wounds
 I - 2 potions of haste {unknown}
 J - 2 potions of cancellation {unknown}
Comestibles
 c - 19 rations


   Skills:
 - Level 8.1 Fighting
 - Level 1.9 Armour
 - Level 12.0 Dodging
 - Level 2.4 Stealth
 - Level 4.0 Shields
 + Level 11.7 Spellcasting
 - Level 12.0 Conjurations
 - Level 6.4 Hexes
 - Level 8.0 Necromancy
 - Level 8.7 Fire Magic


You had 6 spell levels left.
You knew the following spells:

 Your Spells              Type           Power        Failure   Level  Hunger
a - Magic Dart            Conj           ####         1%          1    None
b - Searing Ray           Conj           ######       1%          2    None
c - Iskenderun's Mystic   Conj           ######..     1%          4    #......
d - Fulminant Prism       Conj/Hex       ######....   1%          4    #......
e - Flame Tongue          Conj/Fire      #####        1%          1    None
f - Conjure Flame         Conj/Fire      ######..     1%          3    None
g - Mephitic Cloud        Conj/Pois/Air  ####....     1%          3    None
h - Bolt of Draining      Conj/Necr      ######....   1%          5    ####...
i - Bolt of Fire          Conj/Fire      ######....   3%          6    ######.

Your spell library contained the following spells:

 Spells                   Type           Power        Failure   Level  Hunger
 Cause Fear               Hex            #####.....   3%          4    #......
 Slow                     Hex            #####...     1%          2    None
 Confuse                  Hex            #####...     1%          3    None
 Teleport Other           Tloc           ##......     16%         3    None
 Blink                    Tloc           N/A          9%          2    None
 Call Imp                 Summ           ##......     9%          2    None
 Tukima's Dance           Hex            #####...     1%          3    None
 Spider Form              Tmut/Pois      ##........   16%         3    None
 Blade Hands              Tmut           ##........   83%         5    ####...
 Ice Form                 Ice/Tmut       ##......     47%         4    #......
 Deflect Missiles         Chrm/Air       ##........   100%        6    ######.
 Sticks to Snakes         Tmut           ##......     9%          2    None
 Ensorcelled Hibernation  Hex/Ice        ####..       2%          2    None
 Silence                  Hex/Air        ####......   36%         5    ####...
 Corona                   Hex            #####..      1%          1    None
 Passage of Golubria      Tloc           N/A          47%         4    #......
 Shroud of Golubria       Chrm/Tloc      ##........   9%          2    None
 Beastly Appendage        Tmut           ##....       5%          1    None
 Dazzling Spray           Conj/Hex       ######       1%          3    None
 Force Lance              Conj/Tloc      #####...     1%          4    #......
 Discord                  Hex            #####.....   100%        8    #######
 Gell's Gravitas          Tloc           ##........   16%         3    None
 Yara's Violent Unravell  Hex/Tmut       ####......   11%         5    ####...
 Lesser Beckoning         Tloc           ##........   16%         3    None


Dungeon Overview and Level Annotations

Branches:
Dungeon (12/15)            Temple (0/1) D:6            Lair (3/6) D:9
 Shoals (0/4) Lair:2        Snake (0/4) Lair:2          Orc (0/2) D:12

Altars:
Dithmenos
Elyvilon
Fedhas
Gozag
Hepliaklqana
Kikubaaqudgha
Nemelex Xobeh
Okawaru
Qazlal
Sif Muna
Vehumet
Yredelemnul
Zin
The Shining One

Annotations:
D:2 exclusion: oklob plant
Lair:3 1 runed door, exclusion: 2 oklob plants, Aweela's ghost, journeyman MiFi


Innate Abilities, Weirdness & Mutations

Your body sometimes deteriorates upon taking damage.


Message History

The splash of acid hits you!
Your body deteriorates!
You feel dopey.
You are splashed with acid!
The acid burns!
Your body deteriorates!
You feel dopey.
Casting: Iskenderun's Mystic Blast (safe; 1% risk of failure)
Confirm with . or Enter, or press ? or * to list all spells.
Aiming: Iskenderun's Mystic Blast (safe; 1% risk of failure)
Press: ? - help, Shift-Dir - straight line, f/p - oklob plant
Aim: an oklob plant (severely damaged)
The orb of energy hits the oklob plant.
The oklob plant is almost destroyed.
The orb of energy explodes!
The oklob plant spits acid at you. The splash of acid hits you!
You are splashed with acid!
The acid burns!
* * * LOW HITPOINT WARNING * * *
The oklob plant spits acid at you. The splash of acid hits you!
* * * LOW HITPOINT WARNING * * *
The acid corrodes you!
You are splashed with acid!
The acid burns!
You die...

.............##.♣.#..............
..##.#...♣..#.#.###..............
.##........#.....................
.#.........#.....................
.....♣...#..[....#..#####.....P#.
........###......##..#..#.....##.
.......##........#.....##.....#..
##...###...............##........
###.##..........@#.....#.........
#..####.###.............#.....P#.
....##..#.#......#............P#.
................................P
.................#P.PPP##........
.................#?($.$#.........
#.....#.###.....##.$"$.##....#..#
######.## ########..P.P#.##.###P#
### #$ ###### ###


You could see 2 oklob plants.

Vanquished Creatures
  A minotaur (Lab)
  Fannar (Lair:3)
  2 hydras
  Erica (D:11)
  Nergalle (D:10)
  A hell knight (Lair:2)
  The ghost of Lew the Cleaver, a novice MiFi of Nemelex Xobeh (D:9)
  3 unseen horrors
  2 deep elf magi (D:12)
  3 ugly things
  5 oklob plants (Lair:3)
  A merfolk siren (Lair:2)
  6 elephants (Lair:2)
  7 spiny frogs
  2 komodo dragons (Lair:3)
  A yaktaur (Lair:2)
  A rime drake (Lair:3)
  A polar bear (Lair:3)
  6 trolls
  A hornet (D:12)
  4 dream sheep (Lair:3)
  3 hippogriffs
  13 yaks
  A human (D:7)
  3 basilisks
  A fire bat (Lair:1)
  2 wyverns
  2 fire elementals (Lair:1)
  2 hogs (D:7)
  2 hungry ghosts
  5 nagas (Lair:2)
  5 water moccasins
  A hell hound (Lair:1)
  12 porcupines
  11 orc warriors
  4 black bears
  3 sky beasts
  An ice beast (D:8)
  2 ogres
  3 phantoms
  2 wolves (D:9)
  9 crocodiles
  11 centaurs
  3 big kobolds
  5 bullfrogs
  4 scorpions
  19 killer bees
  A troll zombie (D:12)
  2 howler monkeys
  4 wights (D:12)
  An electric eel (Lair:1)
  A bullfrog zombie (D:5)
  6 crimson imps
  11 hounds
  3 jellies
  2 bullfrog skeletons
  4 centaur skeletons
  8 orc priests
  11 orc wizards
  Terence (D:3)
  5 iguanas
  2 hell rats
  12 worker ants
  2 killer bee zombies (D:6)
  5 ogre zombies (D:12)
  2 hound zombies
  A hound skeleton (D:5)
  A howler monkey zombie (D:7)
  A worker ant zombie (D:9)
  3 gnolls (D:7)
  11 adders
  A howler monkey skeleton (D:5)
  8 river rats (Lair:1)
  4 shadow imps
  2 oozes
  An adder skeleton (D:5)
  A worm (D:3)
  5 leopard geckos
  52 orcs
  8 bats
  6 giant cockroaches
  8 goblins
  12 hobgoblins
  7 jackals
  12 kobolds
  5 quokkas
  6 frilled lizards
  A goblin zombie (D:12)
  A hobgoblin skeleton (D:12)
  2 hobgoblin zombies (D:12)
  A leopard gecko skeleton (D:6)
  15 orc zombies (D:12)
  2 quokka zombies
  5 rats
  5 fulminant prisms
  9 plants
459 creatures vanquished.

Vanquished Creatures (others)
  A phantom (D:12)
  105 fulminant prisms
  A fungus (D:9)
  2 plants
  11 toadstools (D:2)
120 creatures vanquished.

Grand Total: 579 creatures vanquished

Notes
Turn   | Place    | Note
-------+----------+-------------------------------------------
     0 | D:1      | Lilu the Deep Elf Conjurer began the quest for the Orb.
     0 | D:1      | Reached XP level 1. HP: 10/10 MP: 6/6
   392 | D:1      | Reached XP level 2. HP: 15/15 MP: 6/8
   432 | D:1      | Reached skill level 5 in Conjurations
   440 | D:1      | Learned a level 2 spell: Searing Ray
   756 | D:2      | Reached XP level 3. HP: 19/19 MP: 6/9
  1147 | D:2      | Found a blossoming altar of Fedhas.
  1168 | D:2      | Noticed an oklob plant
  1786 | D:3      | Reached XP level 4. HP: 24/24 MP: 2/10
  2441 | D:3      | Noticed Terence
  2630 | D:3      | Killed Terence
  2630 | D:3      | Reached XP level 5. HP: 11/28 MP: 4/11
  3246 | D:4      | Found a stormy altar of Qazlal.
  3247 | D:4      | Noticed a fire elemental
  3249 | D:4      | Noticed an air elemental
  3249 | D:4      | Noticed a water elemental
  3506 | D:4      | Found a glowing silver altar of Zin.
  3639 | D:4      | Noticed an ogre
  3780 | D:4      | Killed an ogre
  3780 | D:4      | Reached XP level 6. HP: 32/32 MP: 8/12
  4213 | D:4      | Reached XP level 7. HP: 36/36 MP: 13/13
  4490 | D:4      | Learned a level 4 spell: Iskenderun's Mystic Blast
  4501 | D:4      | Found a white marble altar of Elyvilon.
  4792 | D:4      | Reached skill level 1 in Fighting
  4829 | D:4      | Found a deep blue altar of Sif Muna.
  4831 | D:4      | Found a glowing golden altar of the Shining One.
  4831 | D:4      | Found an iron altar of Okawaru.
  4831 | D:4      | Found an ancient bone altar of Kikubaaqudgha.
  4831 | D:4      | Found an opulent altar of Gozag.
  4832 | D:4      | Found a radiant altar of Vehumet.
  4835 | D:4      | Found a basalt altar of Yredelemnul.
  4840 | D:4      | Became a worshipper of Vehumet
  4970 | D:5      | Entered Level 5 of the Dungeon
  5534 | D:5      | Found a shadowy altar of Dithmenos.
  5666 | D:5      | Reached XP level 8. HP: 43/48 MP: 14/14
  6285 | D:6      | Found a hazy altar of Hepliaklqana.
  6344 | D:6      | Got a pair of faintly humming gloves
  6351 | D:6      | Identified the cursed -2 pair of gloves of Sunlight {Regen+ Str+2} (You found it on level 6 of the Dungeon)
  6356 | D:6      | Found a staircase to the Ecumenical Temple.
  6369 | D:6      | Reached * piety under Vehumet
  6369 | D:6      | Offered knowledge of Sandblast by Vehumet.
  6701 | D:6      | Reached skill level 5 in Fighting
  6880 | D:7      | Noticed a hippogriff
  7003 | D:7      | Killed a hippogriff
  7239 | D:7      | Learned a level 4 spell: Fulminant Prism
  7425 | D:7      | Reached skill level 1 in Hexes
  7612 | D:7      | Reached XP level 9. HP: 54/56 MP: 15/15
  7618 | D:7      | Reached skill level 1 in Shields
  7830 | D:7      | Found a sparkling altar of Nemelex Xobeh.
  8596 | D:8      | Killed an unseen horror
  8761 | D:8      | Reached ** piety under Vehumet
  8798 | D:8      | Offered knowledge of Flame Tongue by Vehumet.
  8801 | D:8      | Learned a level 1 spell: Flame Tongue
  8928 | D:8      | Reached XP level 10. HP: 40/64 MP: 18/18
  8996 | D:8      | Reached skill level 5 in Dodging
  9063 | D:8      | Reached skill level 1 in Fire Magic
  9202 | D:8      | Got a crystal long sword
  9203 | D:8      | Identified the +3 long sword of Dishonesty {drain, *Contam *Slow +Inv rF+++} (You found it on level 8 of the Dungeon)
  9249 | D:8      | Gained mutation: Your body sometimes deteriorates upon taking damage. [mutagenic glow]
  9685 | D:9      | Noticed a two-headed ogre
  9787 | D:9      | Offered knowledge of Mephitic Cloud by Vehumet.
  9922 | D:9      | Reached *** piety under Vehumet
  9938 | D:9      | Reached skill level 5 in Fire Magic
  9999 | D:9      | Found a staircase to the Lair.
 10005 | D:9      | Got a heavily runed chain mail
 10558 | D:9      | Found a runed gate.
 10558 | D:9      | Found a runed gate.
 10558 | D:9      | Found a runed gate.
 10558 | D:9      | Found an opulent altar of Gozag.
 10558 | D:9      | Noticed Lew's ghost (novice MiFi)
 10698 | D:10     | Entered Level 10 of the Dungeon
 10791 | D:10     | Offered knowledge of Inner Flame by Vehumet.
 10791 | D:10     | Reached skill level 5 in Spellcasting
 10821 | D:10     | Noticed Nergalle
 10900 | D:10     | Killed Nergalle
 10904 | D:10     | Reached XP level 11. HP: 62/68 MP: 22/22
 11605 | D:11     | Found a labyrinth entrance.
 11613 | Lab      | Entered a labyrinth
 12479 | Lab      | Learned a level 3 spell: Conjure Flame
 12491 | Lab      | Learned a level 3 spell: Mephitic Cloud
 12494 | Lab      | Noticed a minotaur
 12499 | Lab      | Killed a minotaur
 12506 | Lab      | Got a brightly glowing great mace
 12506 | Lab      | Got an encrusted trident
 12506 | Lab      | Got a twisted rapier
 12507 | Lab      | Identified the +8 rapier of Dismay {antimagic, +Rage rElec rN+ Str+3} (You found it in a labyrinth)
 12513 | Lab      | Identified the +6 trident of Adypuer {holy, Dex+2 Stlth+} (You found it in a labyrinth)
 12514 | Lab      | Identified the cursed +3 great mace "Ruraroe" {freeze, rF+ Dex+4} (You found it in a labyrinth)
 12546 | D:11     | Identified the cursed +0 chain mail of Kleptomania {rPois rC+ Dex-5 SInv} (You found it on level 9 of the Dungeon)
 12590 | D:11     | Noticed Erica
 12631 | D:11     | Noticed a cyan ugly thing
 12639 | D:11     | Killed a cyan ugly thing
 12814 | D:11     | Noticed a red ugly thing
 12829 | D:11     | Noticed a four-headed hydra
 12835 | D:11     | Killed a red ugly thing
 12847 | D:11     | Reached **** piety under Vehumet
 12869 | D:11     | Killed a four-headed hydra
 12869 | D:11     | Reached skill level 10 in Conjurations
 13085 | D:11     | Offered knowledge of Bolt of Draining by Vehumet.
 13103 | D:11     | Learned a level 5 spell: Bolt of Draining
 13204 | D:11     | Killed Erica
 13474 | D:11     | Got an ichor-stained rapier
 13478 | D:11     | Identified the +7 rapier of Dim Light {elec, rF++ Stlth+} (You found it on level 11 of the Dungeon)
 13846 | D:12     | Reached skill level 10 in Dodging
 13847 | D:12     | Reached skill level 1 in Necromancy
 13915 | D:12     | Killed an unseen horror
 13993 | D:12     | Reached XP level 12. HP: 50/73 MP: 26/27
 14127 | D:12     | Reached skill level 5 in Hexes
 14218 | D:12     | Found a staircase to the Orcish Mines.
 14219 | D:12     | Reached ***** piety under Vehumet
 14219 | D:12     | Offered knowledge of Bolt of Fire by Vehumet.
 14250 | D:12     | Learned a level 6 spell: Bolt of Fire
 14938 | D:9      | Killed Lew's ghost
 15051 | Lair:1   | Entered Level 1 of the Lair of Beasts
 15531 | Lair:1   | Found a transporter.
 15900 | Lair:1   | Found a transporter.
 16508 | Lair:2   | Reached skill level 1 in Armour
 16611 | Lair:2   | Found a dark tunnel.
 16641 | Volcano  | Entered a volcano
 16651 | Volcano  | Noticed a centaur warrior
 16673 | Lair:2   | Reached skill level 5 in Necromancy
 16781 | Lair:2   | Found a staircase to the Snake Pit.
 17421 | Lair:2   | Found a staircase to the Shoals.
 17823 | Lair:3   | Reached XP level 13. HP: 39/78 MP: 27/28
 17942 | Lair:3   | Reached skill level 10 in Spellcasting
 18135 | Lair:3   | Noticed Fannar
 18137 | Lair:3   | Killed Fannar
 18402 | Lair:3   | Found a runed door.
 18410 | Lair:3   | Noticed Aweela's ghost (journeyman MiFi)
 19301 | Lair:3   | Splashed by an oklob plant's acid

Skill      XL: |  1  2  3  4  5  6  7  8  9 10 11 12 13 |
---------------+----------------------------------------+-----
Conjurations   | 5 6 7 8 9 10 12 | 12.0
Fighting       | 3 6 8 |  8.1
Hexes          | 1 4 6 |  6.4
Shields        | 4 |  4.0
Dodging        | 4 8 10 12 | 12.0
Spellcasting   | 4 6 9 11 | 11.7
Fire Magic     | 6 8 |  8.7
Necromancy     | 2 5 8 |  8.0
Armour         | 1 |  1.9
Stealth        | |  2.4

Action                   |  1- 3 |  4- 6 |  7- 9 | 10-12 | 13-15 || total
-------------------------+-------+-------+-------+-------+-------++-------
Melee: Short sword       |    28 |    65 |       |       |       ||    93
       Staff             |       |     3 |       |     7 |       ||    10
       Falchion          |       |       |     5 |       |       ||     5
 Cast: Magic Dart        |    62 |    16 |    95 |    38 |       ||   211
       Searing Ray       |     1 |    22 |    72 |    70 |     3 ||   168
       Iskenderun's Myst |       |       |     9 |   139 |    53 ||   201
       Fulminant Prism   |       |       |       |   103 |     7 ||   110
       Bolt of Draining  |       |       |       |    27 |     2 ||    29
       Conjure Flame     |       |       |       |    13 |       ||    13
       Mephitic Cloud    |       |       |       |     6 |       ||     6
       Bolt of Fire      |       |       |       |    27 |    21 ||    48
  Use: Scroll            |       |       |    10 |    13 |       ||    23
       Potion            |       |       |     1 |     5 |       ||     6
 Stab: Sleeping          |       |     1 |       |       |       ||     1
  Eat: Chunk             |     3 |     9 |    18 |    30 |     6 ||    66
       Ration            |       |       |       |    10 |     2 ||    12
Armor: Robe              |     9 |    12 |    15 |    39 |     2 ||    77
Dodge: Dodged            |    23 |    55 |    89 |   247 |    11 ||   425
Block: Buckler           |       |       |       |    87 |     5 ||    92
       Rpst.: Falchion   |       |       |     6 |       |       ||     6
